 Dungeon Sprint DCSS version 0.18-a0-1027-g814d7dd (webtiles) character file.

4156 M4edhros the Grand Gadgeteer (level 13, -16/96 HPs)
             Began as an Octopode Artificer on Jan 9, 2016.
             Was the Champion of Pakellas.
             Demolished by a naga warrior
             ... wielding a +0 hand axe
              (20 damage)
             ... while paralysed
             ... in the Dungeon (Sprint VI: "Thunderdome").
             The game lasted 00:22:12 (1802 turns).

M4edhros the Grand Gadgeteer (Octopode Artificer)   Turns: 1802, Time: 00:22:12

Health: -16/96     AC:  3    Str: 21    XL:     13   Next: 2%
Magic:  3/35       EV: -1    Int: 32    God:    Pakellas [******]
Gold:   238        SH:  0    Dex: 35    Spells: 0 memorised, 12 levels left

rFire  + + .     SeeInvis +     u - +0 spear
rCold  . . .     Gourm    .     x - +3 large shield "Feexiaroej" {rElec rPois rC+}
rNeg   + . .     Faith    .     C - +2 hat of the Eternal Fruit {+Inv}
rPois  +         Spirit   .     F - amulet "Dinwimn" {MR++ Regen+ Str+3 Int+3}
rElec  +         Dismiss  .     p - ring of the Republic {rElec Str+5 Dex+5 SInv}
rCorr  +         Reflect  .     q - ring "Ulevaen" {Wiz +Fly Str+2 Int+4}
SustAt .         Harm     .     E - ring of Ycliegul {rCorr +Inv Str-3 Int+4}
MR     +++++     NoTele   +     B - ring of the Camelopard {rElec MP+9 Str+4}
Stlth  +++++.....               w - ring of the Monkey {Fire Str-5 Int+3 Dex+9 Stlth+}
                                y - ring of Rumuaxue {rN+ MR+ Str+5}
                                z - ring of Xom's Supremacy {MR+ Str+5}
                                A - ring "Velol" {rF+ MR+ Str-3 Int+4 Dex+3} (curse)

@: paralysed, lethally poisoned (-16 -> -17), exhausted, very slightly
contaminated, slowed, constricted, almost entirely resistant to hostile
enchantments, quite stealthy
A: almost no armour, amphibious, 8 rings, constrict 8, camouflage 1, weak 1,
gelatinous body 1
a: Quick Charge, Device Surge, Supercharge, Renounce Religion, Evoke
Invisibility, Evoke Flight
}: 2/15 runes: serpentine, gossamer


You were in the Dungeon.
You worshipped Pakellas.
Pakellas was exalted by your worship.
You were hungry.

You visited 1 branch You collected 2850 gold pieces.
You spent 2612 gold pieces at shops.

Inventory:

Hand Weapons
 e - a +2 quarterstaff of chaos
 u - a +0 spear (weapon)
 D - a +0 greatsling
Missiles
 G - 50 sling bullets
Armour
 x - the +3 large shield "Feexiaroej" (worn) {rElec rPois rC+}
   (You bought it in a shop in the Dungeon)

   It protects you from cold.
   It insulates you from electricity.
   It protects you from poison.
 C - the +2 hat of the Eternal Fruit (worn) {+Inv}
   (You bought it in a shop in the Dungeon)

   It lets you turn invisible.
Rods
 v - a +5 iron rod (4/13)
   (Pakellas gifted it to you in the Dungeon)
Jewellery
 p - the ring of the Republic (left tentacle) {rElec Str+5 Dex+5 SInv}
   (You bought it in a shop in the Dungeon)

   [ring of see invisible]

   It affects your strength (+5).
   It affects your dexterity (+5).
   It insulates you from electricity.
   It lets you see invisible.
 q - the ring "Ulevaen" (right tentacle) {Wiz +Fly Str+2 Int+4}
   (You bought it in a shop in the Dungeon)

   [ring of wizardry]

   It improves your spell success rate.
   It affects your strength (+2).
   It affects your intelligence (+4).
   It lets you fly.
 w - the ring of the Monkey (on tentacle) {Fire Str-5 Int+3 Dex+9 Stlth+}
   (You bought it in a shop in the Dungeon)

   [ring of fire]

   It enhances your fire magic, and weakens your ice magic.
   It affects your strength (-5).
   It affects your intelligence (+3).
   It affects your dexterity (+9).
   It protects you from fire.
   It makes you vulnerable to cold.
   It makes you more stealthy.
 y - the ring of Rumuaxue (on tentacle) {rN+ MR+ Str+5}
   (You bought it in a shop in the Dungeon)

   [ring of protection from magic]

   It affects your strength (+5).
   It protects you from negative energy.
   It affects your resistance to hostile enchantments.
 z - the ring of Xom's Supremacy (on tentacle) {MR+ Str+5}
   (You bought it in a shop in the Dungeon)

   [ring of protection from magic]

   It affects your strength (+5).
   It affects your resistance to hostile enchantments.
 A - the cursed ring "Velol" (on tentacle) {rF+ MR+ Str-3 Int+4 Dex+3}
   (You bought it in a shop in the Dungeon)

   [ring of strength]

   It affects your strength (-3).
   It affects your intelligence (+4).
   It affects your dexterity (+3).
   It protects you from fire.
   It affects your resistance to hostile enchantments.
   It has a curse placed upon it.
 B - the ring of the Camelopard (on tentacle) {rElec MP+9 Str+4}
   (You bought it in a shop in the Dungeon)

   [ring of strength]

   It affects your strength (+4).
   It insulates you from electricity.
   It affects your magic capacity (+9).
 E - the ring of Ycliegul (on tentacle) {rCorr +Inv Str-3 Int+4}
   (You bought it in a shop in the Dungeon)

   [ring of resist corrosion]

   It affects your strength (-3).
   It affects your intelligence (+4).
   It lets you turn invisible.
 F - the amulet "Dinwimn" (around mantle) {MR++ Regen+ Str+3 Int+3}
   (You bought it in a shop in the Dungeon)

   [amulet of regeneration]

   It affects your strength (+3).
   It affects your intelligence (+3).
   It affects your resistance to hostile enchantments.
   It increases your rate of regeneration.
Wands
 a - a wand of confusion (31/48)
 b - a wand of flame (9/48)
 c - a wand of enslavement (5/24)
 d - a wand of random effects (2/48)
 m - a wand of cold (0/15)
 n - a wand of fire (0/15)
 r - a wand of polymorph (7/24)
 s - a wand of heal wounds (5/9)
 t - a wand of fireball (0/15)
Scrolls
 k - 4 scrolls of blinking
 o - 3 scrolls of fog
Potions
 h - 3 potions of haste
 i - 2 potions of magic
 l - a potion of resistance


   Skills:
 - Level 11.9 Fighting
   Level 1.0 Short Blades
 * Level 10.5 Slings
 - Level 12.7 Dodging
 - Level 1.3 Stealth
 + Level 11.9 Shields
 + Level 19.6 Evocations


You had 12 spell levels left.
You didn't know any spells.

Dungeon Overview and Level Annotations

Branches:
Dungeon (1/1)

Altars:
Cheibriados
Dithmenos
Fedhas
Gozag
Kikubaaqudgha
Makhleb
Okawaru
Pakellas
Qazlal
Ru
Sif Muna
Trog
Vehumet
Xom
Yredelemnul
Zin
The Shining One
Jiyva
Lugonu

Shops:
D [%??*?*:[((!!!!


Innate Abilities, Weirdness & Mutations

You cannot wear most types of armour.
You are amphibious.
You can wear up to eight rings at the same time.
You can use your tentacles to constrict eight enemies at once.
Your skin changes colour to match your surroundings (Stealth).
Your rubbery body absorbs attacks (AC +1).
You are weak. (Str -2)


Message History

You feel sick. You block the naga warrior's attack. x2
You barely miss the naga warrior.
The naga warrior is heavily wounded.
You completely miss the naga warrior.
The naga warrior is heavily wounded.
The naga warrior spits poison at you. The splash of poison misses you.
You hit the naga warrior. You squeeze the naga warrior!!
The naga warrior is almost dead.
You are no longer berserk.
You pass out from exhaustion.
You feel yourself slow down.
You are feeling hungry.
The naga warrior hits you with a hand axe!
* * * LOW HITPOINT WARNING * * *
The naga warrior grabs you.
* * * LOW HITPOINT WARNING * * *
The naga warrior constricts you.
The naga warrior hits you with a hand axe!!
You die...

##.(...........###.........
#§.....[....###[.[###......
#⌠.......(..# #.<.# #......
#⌠......)((.###)..###......
##....N.(....))###.........
###∩........8.# #.8.....[.
##∩__.(.....###......._.
######N8..[[.....8.####
#@)..........⌠#
###.....)...### #_......._#
#_......._# #_......._#
#∩.......∩# ##∩.....∩##
##.....## ##⌠⌠⌠##


You could see a naga warrior.

Vanquished Creatures
  3 greater nagas (D)
  An anaconda (D)
  A naga sharpshooter (D)
  3 ogre magi (D)
  2 komodo dragons (D)
  3 fire drakes (D)
  2 two-headed ogres (D)
  3 air elementals (D)
  Grum (D)
  2 steam dragons (D)
  2 mottled dragons (D)
  7 neqoxecs (D)
  2 wolves (D)
  4 hell hounds (D)
  A swamp drake (D)
  A sky beast (D)
  A gnoll sergeant (D)
  3 hounds (D)
  2 jellies (D)
  Crazy Yiuf (D)
  2 gnoll shamans (D)
  5 gnolls (D)
  3 oozes (D)
55 creatures vanquished.

Vanquished Creatures (collateral kills)
  A wolf spider (D)
  An ogre mage (D)
  3 naga magi (D)
  An ogre (D)
6 creatures vanquished.

Vanquished Creatures (others)
  An anaconda (D)
  2 two-headed ogres (D)
  A black mamba (D)
4 creatures vanquished.

Grand Total: 65 creatures vanquished

Notes
Turn   | Place    | Note
--------------------------------------------------------------
     0 | D        | M4edhros the Octopode Artificer began the quest for the Orb.
     0 | D        | Reached XP level 1. HP: 13/13 MP: 3/3
     3 | D        | Found a viscous altar of Jiyva.
     4 | D        | Found a bloodstained altar of Trog.
     4 | D        | Found a glowing silver altar of Zin.
     5 | D        | Found a sacrificial altar of Ru.
     5 | D        | Found an oddly glowing altar of Pakellas.
     5 | D        | Round 1.
     6 | D        | Found a blossoming altar of Fedhas.
     6 | D        | Found a glowing golden altar of the Shining One.
     6 | D        | Found Joempael's Weapon Rack.
     6 | D        | Found Cuzaug Ifa's Premium Goods.
     7 | D        | Found Buriem's Basic Armour.
     7 | D        | Found Idim's Miscellaneous Merchandise.
    13 | D        | Became a worshipper of Pakellas the Inventive
    14 | D        | Reached skill level 4 in Evocations
    26 | D        | Found a stormy altar of Qazlal.
    26 | D        | Found a shadowy altar of Dithmenos.
    26 | D        | Found Qoemorgh's Identification Station.
    26 | D        | Found Qucof's Advanced Armour.
    27 | D        | Found Omoc's Jewellery.
    28 | D        | Found a burning altar of Makhleb.
    28 | D        | Found an opulent altar of Gozag.
    28 | D        | Found Ituepres's Bee Food.
    36 | D        | Bought a heavily runed tin ring for 45 gold pieces
    36 | D        | Bought a faintly glowing brass ring for 45 gold pieces
    36 | D        | Bought a smoking amber ring for 45 gold pieces
    36 | D        | Bought a sparkling brass ring for 45 gold pieces
    36 | D        | Identified the ring of the Republic {rElec Str+5 Dex+5 SInv} (You bought it in a shop in the Dungeon)
    37 | D        | Identified the ring "Ulevaen" {Wiz +Fly Str+2 Int+4} (You bought it in a shop in the Dungeon)
    38 | D        | Identified the ring of Fanaticism {+Fly Int+3} (You bought it in a shop in the Dungeon)
    39 | D        | Identified the ring of Miwnum {rElec Dex+3} (You bought it in a shop in the Dungeon)
    42 | D        | Found a radiant altar of Vehumet.
    75 | D        | Found Sysebe's Do-It-Yourself Clinic.
    75 | D        | Found Qithrot's Bottled Wisdom.
    76 | D        | Found Plog's Distillery.
    77 | D        | Found a deep blue altar of Sif Muna.
    77 | D        | Found an iron altar of Okawaru.
    77 | D        | Found a corrupted altar of Lugonu.
    77 | D        | Found Fofo's Distillery.
    80 | D        | Reached * piety under Pakellas
    80 | D        | Reached XP level 2. HP: 19/19 MP: 5/5
    83 | D        | Reached skill level 5 in Evocations
    98 | D        | Found a basalt altar of Yredelemnul.
   102 | D        | Found an ancient bone altar of Kikubaaqudgha.
   102 | D        | Found Gaonnoaj's Staff Store.
   102 | D        | Found Cesmek's Must-Have Magic.
   103 | D        | Found Nyisaree's Magic Scroll Shop.
   108 | D        | Found Akulepaf's Magic Scroll Shop.
   108 | D        | Found a shimmering altar of Xom.
   108 | D        | Found a snail-covered altar of Cheibriados.
   130 | D        | Reached ** piety under Pakellas
   130 | D        | Received a gift from Pakellas
   130 | D        | Reached skill level 6 in Evocations
   130 | D        | Reached XP level 3. HP: 24/26 MP: 5/7
   137 | D        | Arena points: 12 (+12) [x2]
   137 | D        | Reached skill level 7 in Evocations
   137 | D        | Reached XP level 4. HP: 9/33 MP: 6/9
   190 | D        | Round 2.
   201 | D        | Noticed Crazy Yiuf
   210 | D        | Killed Crazy Yiuf
   210 | D        | Reached *** piety under Pakellas
   220 | D        | Reached skill level 5 in Dodging
   220 | D        | Reached skill level 8 in Evocations
   220 | D        | Reached XP level 5. HP: 12/38 MP: 8/11
   324 | D        | Reached **** piety under Pakellas
   324 | D        | Received a gift from Pakellas
   324 | D        | Arena points: 54 (+42) [x3]
   324 | D        | Reached skill level 5 in Fighting
   337 | D        | Bought a flickering amber ring for 45 gold pieces
   337 | D        | Bought a translucent brass amulet for 45 gold pieces
   337 | D        | Identified the ring of the Monkey {Fire Str-5 Int+3 Dex+9 Stlth+} (You bought it in a shop in the Dungeon)
   338 | D        | Identified the amulet of Ongapo Mutu {Harm *Drain rPois MP+9} (You bought it in a shop in the Dungeon)
   375 | D        | Round 3.
   390 | D        | Reached skill level 9 in Evocations
   401 | D        | Noticed a wolf
   405 | D        | Reached XP level 6. HP: 24/46 MP: 11/13
   408 | D        | Reached ***** piety under Pakellas
   408 | D        | Reached skill level 10 in Evocations
   439 | D        | Killed a wolf
   439 | D        | Arena points: 138 (+84) [x4]
   439 | D        | Reached skill level 11 in Evocations
   439 | D        | Reached XP level 7. HP: 33/54 MP: 15/15
   457 | D        | Round 4.
   458 | D        | Bought a steaming amber ring for 45 gold pieces
   458 | D        | Bought a twitching bone ring for 45 gold pieces
   458 | D        | Identified the ring of Rumuaxue {rN+ MR+ Str+5} (You bought it in a shop in the Dungeon)
   459 | D        | Identified the ring of Xom's Supremacy {MR+ Str+5} (You bought it in a shop in the Dungeon)
   464 | D        | Reached skill level 12 in Evocations
   490 | D        | Noticed a wolf
   494 | D        | Noticed Grum
   499 | D        | Killed Grum
   508 | D        | Reached ****** piety under Pakellas
   508 | D        | Reached skill level 13 in Evocations
   508 | D        | Reached XP level 8. HP: 29/62 MP: 17/17
   531 | D        | Arena points: 298 (+160) [x5]
   548 | D        | Bought a glittering iron ring for 45 gold pieces
   548 | D        | Bought a vibrating pewter ring for 45 gold pieces
   548 | D        | Bought a bound bronze ring for 45 gold pieces
   548 | D        | Bought a clouded tin ring for 45 gold pieces
   548 | D        | Bought a translucent iron ring for 45 gold pieces
   548 | D        | Identified the cursed ring "Velol" {rF+ MR+ Str-3 Int+4 Dex+3} (You bought it in a shop in the Dungeon)
   550 | D        | Identified the ring of the Camelopard {rElec MP+9 Str+4} (You bought it in a shop in the Dungeon)
   553 | D        | Identified the ring "Wauwnon" {+Fly rPois} (You bought it in a shop in the Dungeon)
   557 | D        | Identified the ring "Jovakhluxa" {rCorr rN+ MP+9} (You bought it in a shop in the Dungeon)
   560 | D        | Identified the ring of Ycliegul {rCorr +Inv Str-3 Int+4} (You bought it in a shop in the Dungeon)
   604 | D        | Round 5.
   625 | D        | Noticed an anaconda
   631 | D        | Noticed a naga mage
   637 | D        | Killed a naga mage
   644 | D        | Noticed a giant anaconda
   645 | D        | Noticed an anaconda
   654 | D        | Killed a giant anaconda
   654 | D        | Arena points: 578 (+280) [x7]
   654 | D        | Reached skill level 10 in Fighting
   654 | D        | Reached skill level 10 in Dodging
   654 | D        | Reached skill level 15 in Evocations
   654 | D        | Reached XP level 9. HP: 8/70 MP: 20/20
   655 | D        | Got a serpentine rune of Zot
   657 | D        | Reached XP level 10. HP: 8/76 MP: 21/21
   678 | D        | Bought a shimmering platinum amulet for 45 gold pieces
   678 | D        | Bought a scorched tin amulet for 45 gold pieces
   678 | D        | Bought a flickering platinum amulet for 45 gold pieces
   678 | D        | Bought a heavily runed graven amulet for 45 gold pieces
   679 | D        | Identified the amulet "Komayd" {Inacc rElec Int+2} (You bought it in a shop in the Dungeon)
   681 | D        | Identified the amulet of Geifuza {Spirit Str+3} (You bought it in a shop in the Dungeon)
   683 | D        | Identified the amulet "Dinwimn" {MR++ Regen+ Str+3 Int+3} (You bought it in a shop in the Dungeon)
   685 | D        | Identified the amulet of Vuzaocla {+Rage Str+2} (You bought it in a shop in the Dungeon)
   862 | D        | Round 6.
  1010 | D        | Gained mutation: You are weak. (Str -2) [a neqoxec]
  1018 | D        | Received a gift from Pakellas
  1018 | D        | Arena points: 962 (+384) [x8]
  1018 | D        | Reached skill level 16 in Evocations
  1034 | D        | Bought a heavily runed large shield for 332 gold pieces
  1042 | D        | Identified the +3 large shield "Feexiaroej" {rElec rPois rC+} (You bought it in a shop in the Dungeon)
  1047 | D        | Round 7.
  1082 | D        | Noticed an ogre mage
  1094 | D        | Killed an ogre mage
  1097 | D        | Noticed an ogre mage
  1106 | D        | Killed an ogre mage
  1107 | D        | Noticed an ogre mage
  1111 | D        | Killed an ogre mage
  1111 | D        | Reached skill level 17 in Evocations
  1154 | D        | Noticed an ogre mage
  1173 | D        | Killed an ogre mage
  1173 | D        | Arena points: 1592 (+630) [x9]
  1173 | D        | Reached XP level 11. HP: 65/85 MP: 11/23
  1222 | D        | Round 8.
  1293 | D        | Reached skill level 18 in Evocations
  1349 | D        | Arena points: 2392 (+800) [x10]
  1367 | D        | Bought a +0 greatsling for 450 gold pieces
  1402 | D        | Round 9.
  1428 | D        | Reached skill level 1 in Slings
  1470 | D        | Arena points: 2986 (+594) [x11]
  1485 | D        | Bought 50 sling bullets for 750 gold pieces
  1485 | D        | Round 10.
  1486 | D        | Noticed a dire wolf spider
  1512 | D        | Noticed a moth of wrath
  1522 | D        | Killed a dire wolf spider
  1522 | D        | Arena points: 4156 (+1170) [x13]
  1522 | D        | Reached skill level 5 in Slings
  1525 | D        | Got a gossamer rune of Zot
  1526 | D        | Reached skill level 10 in Shields
  1526 | D        | Reached XP level 12. HP: 52/91 MP: 14/25
  1558 | D        | Bought a shimmering hat for 315 gold pieces
  1563 | D        | Identified the +2 hat of the Eternal Fruit {+Inv} (You bought it in a shop in the Dungeon)
  1692 | D        | Round 11.
  1693 | D        | Noticed a greater naga
  1698 | D        | Killed a greater naga
  1698 | D        | Reached skill level 19 in Evocations
  1723 | D        | Noticed a greater naga
  1731 | D        | Killed a greater naga
  1731 | D        | Received a gift from Pakellas
  1734 | D        | Noticed a naga sharpshooter
  1769 | D        | Noticed a greater naga
  1772 | D        | Killed a naga sharpshooter
  1775 | D        | Noticed a naga warrior
  1789 | D        | Killed a greater naga
  1789 | D        | Reached skill level 10 in Slings
  1789 | D        | Reached XP level 13. HP: 34/96 MP: 3/26
  1801 | D        | HP: 3/96 [naga warrior/hand axe (6)]
  1802 | D        | Demolished by a naga warrior

Vault maps used:
D:        arena_sprint

Action                   |  1- 3 |  4- 6 |  7- 9 | 10-12 | 13-15 || total
-------------------------+-------+-------+-------+-------+-------++-------
Melee: Short sword       |     9 |     3 |       |       |       ||    12
       Quarterstaff      |       |    21 |     6 |     7 |       ||    34
       Spear             |       |       |       |   141 |    12 ||   153
Invok: Device Surge      |       |       |       |     4 |       ||     4
       Quick Charge      |       |       |       |     1 |       ||     1
Evoke: Wand              |     2 |     5 |    12 |    35 |       ||    54
       Rod               |       |       |       |     6 |       ||     6
  Use: Potion            |       |     1 |     2 |     6 |       ||     9
 Stab: Distracted        |       |     1 |     1 |     4 |       ||     6
       Confused          |       |     1 |       |     8 |       ||     9
       Paralysed         |       |       |       |     7 |       ||     7
  Eat: Chunk             |       |       |       |     2 |       ||     2
       Bread ration      |       |       |       |     1 |       ||     1
